 Dungeon Crawl Stone Soup version 0.28-a0-906-g0406aca7d3 (webtiles) character file.

Game seed: 321242721261580511

128 bande the Covered (level 5, -7/33 HPs)
             Began as a Gargoyle Fighter on Nov 24, 2021.
             Mangled by a black bear (10 damage)
             ... on level 3 of the Dungeon.
             The game lasted 00:02:58 (2620 turns).

bande the Covered (Gargoyle Fighter)                Turns: 2620, Time: 00:02:59

Health: -7/33      AC: 11    Str: 20    XL:     5   Next: 11%
Magic:  5/5        EV:  9    Int:  9    God:
Gold:   98         SH:  4    Dex:  9    Spells: 4/4 levels left

rFire   . . .      SeeInvis .   a - +0 war axe
rCold   . . .      Faith    .   c - +0 buckler
rNeg    + . .      Spirit   .   b - +0 scale mail
rPois   ∞          Reflect  .   (no helmet)
rElec   +          Harm     .   (no cloak)
rCorr   .          Rampage  .   (no gloves)
Will    .....                   (no boots)
Stlth   ..........              (no amulet)
HPRegen 0.11/turn               (no ring)
MPRegen 0.09/turn               (no ring)

@: no status effects
A: sickness immunity, AC +4, negative energy resistance 1, electricity
resistance, torment resistance 1, petrification resistance
a: no special abilities


You were on level 3 of the Dungeon.
You visited 1 branch of the dungeon, and saw 3 of its levels.

You collected 98 gold pieces.

Inventory:

Hand Weapons
 a - a +0 war axe (weapon)
 i - a +0 war axe
Armour
 b - a +0 scale mail (worn)
 c - a +0 buckler (worn)
Jewellery
 h - a ring of flight
Scrolls
 e - a scroll of fog
 f - a scroll of identify
Potions
 d - 2 potions of might
 g - a potion of curing
 j - a potion of heal wounds {unknown}


   Skills:
 + Level 4.0 Fighting
 + Level 3.2 Axes
 + Level 4.3 Armour
 + Level 3.6 Shields


You had 4 spell levels left.
You didn't know any spells.
Your spell library contained the following spells:

 Spells                   Type           Power      Damage    Failure   Level
 Dazzling Flash           Conj/Hex       0%         N/A       98%         3
 Agony                    Necr           0%         N/A       100%        5
 Silence                  Hex/Air        0%         N/A       100%        5


Dungeon Overview and Level Annotations

Branches:
Dungeon (3/15)

Altars:
Yredelemnul

Annotations:
D:3 3 runed translucent doors, horus123's ghost, amateur DECj


Innate Abilities, Weirdness & Mutations

You are immune to sickness and miasma.
Your stone body is resilient. (AC +4)
You are immune to poison.
You resist negative energy. (rN+)
You are resistant to electric shocks. (rElec)
You are resistant to unholy torment.
You are immune to petrification.


Message History

The black bear claws you but does no damage.
The jackal closely misses you. The jackal bites you. The black bear bites you.
The black bear barely misses you. x2; You block the jackal's attack.
The jackal bites you but does no damage.
You hit the black bear but do no damage.
The black bear is heavily wounded.
You closely miss the jackal. x2
The jackal bites you but does no damage.
The jackal barely misses you. The black bear bites you.
The black bear barely misses you.
The black bear claws you but does no damage.
The jackal bites you but does no damage. x2
You hit the black bear.
The black bear is heavily wounded.
You hit the jackal but do no damage. You slash the jackal!
You kill the jackal!
The black bear bites you.
* * * LOW HITPOINT WARNING * * *
The black bear claws you but does no damage.
The black bear claws you.
* * * LOW HITPOINT WARNING * * *
The jackal bites you but does no damage.
The black bear bites you but does no damage.
The black bear claws you but does no damage.
The black bear barely misses you.
The jackal bites you but does no damage.
You hit the black bear.
The black bear is severely wounded.
You barely miss the jackal. The jackal misses you.
The black bear goes berserk!
You barely miss the black bear.
The black bear is severely wounded.
You slash the jackal!
You kill the jackal!
The black bear bites you.
* * * LOW HITPOINT WARNING * * *
The black bear claws you but does no damage.
You block the black bear's attack.
A centaur zombie comes into view.
The black bear bites you!
You die...

.##.#.###.#
..#........##.
.##........
........†.....
).........#
#.#.##.##..###
.####.#.#.#
####.#.##(†....# .# .#
.. ....#.##.†#..## .#
.# .# #..#.##..#..# ..
.
.#########..#........#
.# #
..................#.##
.# #.h@............#
.#
$.....#..........####
.# .<.........####..#
...#.####..# #..# .. #
#.## #..# . #Z# #..#
#.# .# ... #.


You could see a black bear (berserk) and a centaur zombie (wandering).

Vanquished Creatures
  An orc priest (D:3)
  3 adders
  A worm (D:3)
  3 dart slugs
  5 orcs (D:3)
  4 ball pythons
  4 bats
  4 endoplasms
  2 giant cockroaches
  5 goblins
  7 hobgoblins
  3 jackals (D:3)
  3 kobolds (D:2)
  2 quokkas
  4 frilled lizards
  4 rats
55 creatures vanquished.

Notes
Turn   | Place    | Note
-------+----------+-------------------------------------------
     0 | D:1      | bande the Gargoyle Fighter began the quest for the Orb.
     0 | D:1      | Reached XP level 1. HP: 14/14 MP: 1/1
   251 | D:1      | Reached XP level 2. HP: 19/19 MP: 2/2
   366 | D:1      | Found a faded altar of an unknown god.
   992 | D:2      | Found a basalt altar of Yredelemnul.
  1294 | D:2      | Reached XP level 3. HP: 23/24 MP: 3/3
  1908 | D:3      | Reached XP level 4. HP: 15/29 MP: 4/4
  2170 | D:3      | Found a runed translucent gate.
  2171 | D:3      | Found a runed translucent gate.
  2172 | D:3      | Found a runed translucent gate.
  2325 | D:3      | Noticed horus123's ghost (amateur DECj)
  2536 | D:3      | Reached XP level 5. HP: 33/33 MP: 5/5
  2606 | D:3      | Noticed a black bear
  2620 | D:3      | Mangled by a black bear

Illustrated notes

Levels and vault maps discovered:
D:1:      enne_arrival_octagon_isle, layout_loops_ring,
          chequers_ecumenical_altar_simple_redux, minivault_23
D:2:      layout_loops_cross, basic_altar, minivault_11,
          minmay_stone_trees_small, corner_web_ring, solitary_fountain
D:3:      layout_loops_ring, mainiacjoe_overflow_alcove_2, gammafunk_ghost_icy,
          serial_shops, shop_fountains, chequers_serial_rivers_micro_a

Skill      XL: |  1  2  3  4  5 |
---------------+----------------+-----
Axes           | 2 3 |  3.2
Armour         | 4 |  4.3
Fighting       | 4 |  4.0
Shields        | |  3.6

Action                   |  1- 3 |  4- 6 || total
-------------------------+-------+-------++-------
Melee: War axe           |   104 |    63 ||   167
  Use: Scroll            |     3 |     1 ||     4
       Potion            |     1 |       ||     1
Armor: Scale mail        |    44 |    61 ||   105
Dodge: Dodged            |    51 |    40 ||    91
Block: Buckler           |    23 |    15 ||    38

Table legend: (Time is in decaauts)
 A = Elapsed time spent in this place.
 B = Non-inter-level travel time spent in this place.
 C = Inter-level travel time spent in this place.
 D = Time resting spent in this place.
 E = Time spent auto-exploring this place.
 F = Levels seen in this place.
 G = Mean time per level.
                   A        B        C        D        E       F      G
               +--------+--------+--------+--------+--------+-----+--------+
         Total |   2683 |   2683 |      0 |    327 |   1891 |   3 |  894.3 |
       Dungeon |   2683 |   2683 |      0 |    327 |   1891 |   3 |  894.3 |
               +--------+--------+--------+--------+--------+-----+--------+

Top non-repeatable levels by time:
     D:1: 1002 daAuts
     D:2: 903 daAuts
     D:3: 778 daAuts
